AoeStats
← sky2551230

Arena

510304469Analyzed
4v4 RM · 23h ago on Sep 30, 2026· 57m 16s· 8 players
Game mode
Random Map
Map size
Large (8 player)
Population
200
Speed
Normal
Resources
Standard
Victory
Conquest
Starting age
Dark Age
Ending age
Imperial Age
RankedLock teamsTeams togetherTeam positionsShared explorationLock speedFull tech treeHidden civsTurbo modeCheats
Victory
Defeat
🇪🇸 Vietnamese · Spain
1183
+10
🇹🇼 Persians · Taiwan
1139
+12
🇨🇳 Bohemians · China
1134
+12
🇳🇴 Cumans · Norway
1104
+13
🇹🇼 Poles · Taiwan
1085
-12
🇹🇼 Saxons · Taiwan
1085
-13
🇹🇼 Teutons · Taiwan
1051
-12
🇹🇼 Persians · Taiwan
985
-10
xoxodniw
11:37 Feudal Age
15:13 Castle Age
13:21 Double-Bit Axe
13:30 Horse Collar
14:21 Gold Mining
15:36 Wheelbarrow
16:11 Bow Saw
20:43 Stone Mining
21:00 Loom
23:54 Heavy Plow
27:02 Gold Shaft Mining
28:17 Stone Shaft Mining
31:18 Imperial Age
28:57 Scale Barding Armor
30:01 Chain Barding Armor
30:13 Forging
30:36 Hand Cart
31:36 Bloodlines
31:26 Husbandry
31:49 Hand Cart
31:04 Elite War Elephant
32:21 Iron Casting
32:22 Plate Barding Armor
32:26 Guilds
33:11 Crop Rotation
34:03 Blast Furnace
33:22 Capped Ram
35:20 Siege Ram
38:51 Two-Man Saw
38:20 Fletching
41:34 Bodkin Arrow
46:35 Onager
Globox
8:59 Feudal Age
9:45 Double-Bit Axe
12:18 Horse Collar
12:26 Loom
19:18 Wheelbarrow
20:56 Castle Age
20:55 Scale Barding Armor
21:00 Forging
21:11 Bloodlines
21:06 Capped Ram
25:58 Bow Saw
25:50 Heavy Plow
34:01 Imperial Age
31:47 Hand Cart
31:18 Town Watch
33:05 Chain Barding Armor
33:23 Iron Casting
33:42 Gold Mining
33:43 Stone Mining
34:16 Cavalier
35:46 Conscription
36:12 Gold Shaft Mining
36:22 Plate Barding Armor
35:36 Paladin
37:21 Blast Furnace
36:12 Fletching
36:47 Ballistics
37:12 Pikeman
37:52 Squires
37:38 Arson
37:59 Scale Mail Armor
37:45 Halberdier
39:44 Hoardings
40:04 Chain Mail Armor
40:51 Town Patrol
41:25 Plate Mail Armor
Jesulito123
3:18 Loom
11:03 Feudal Age
16:45 Castle Age
15:02 Double-Bit Axe
16:48 Fletching
23:01 Wheelbarrow
26:13 Bow Saw
28:48 Horse Collar
31:22 Stone Mining
34:26 Heavy Plow
35:16 Gold Mining
36:52 Bodkin Arrow
38:10 Hand Cart
38:36 Murder Holes
40:01 Atonement
40:24 Sanctity
41:05 Town Watch
45:07 Imperial Age
44:44 Forging
47:23 Ballistics
48:23 Chemistry
46:45 Elite Skirmisher
47:31 Thumb Ring
48:16 Paper Money
47:30 Imperial Skirmisher
49:17 Bracer
49:39 Padded Archer Armor
51:34 Caravan
52:48 Crop Rotation
53:23 Theocracy
53:05 Block Printing
53:18 Illumination
54:28 Iron Casting
53:53 Scale Mail Armor
54:09 Leather Archer Armor
53:58 Pikeman
54:38 Squires
56:27 Two-Man Saw
54:54 Halberdier
55:57 Arson
57:28 Chain Mail Armor
57:43 Ring Archer Armor
tnzzdm
10:41 Feudal Age
12:29 Loom
14:51 Castle Age
13:24 Double-Bit Axe
14:34 Horse Collar
22:42 Fervor
23:03 Sanctity
26:18 Bow Saw
29:27 Heavy Plow
30:05 Scale Mail Armor
30:15 Forging
29:31 Pikeman
30:11 Squires
33:12 Chain Mail Armor
33:34 Iron Casting
32:48 Arson
34:32 Wheelbarrow
39:18 Imperial Age
38:50 Chemistry
39:26 Halberdier
40:48 Plate Mail Armor
41:19 Blast Furnace
40:43 Conscription
40:31 Wagenburg Tactics
41:02 Siege Engineers
42:09 Houfnice
窒息式毒奶大王
7:53 Loom
10:04 Feudal Age
13:13 Fletching
24:31 Double-Bit Axe
24:29 Horse Collar
27:17 Castle Age
31:01 Bow Saw
42:03 Wheelbarrow
42:05 Heavy Plow
42:11 Pikeman
42:53 Squires
42:38 Arson
47:40 Fervor
50:34 Imperial Age
48:24 Hand Cart
52:06 Block Printing
敦義兄
7:38 Loom
9:50 Feudal Age
11:24 Wheelbarrow
11:02 Double-Bit Axe
12:03 Fletching
15:46 Horse Collar
23:47 Castle Age
21:45 Stone Mining
22:30 Gold Mining
24:47 Bow Saw
25:12 Heavy Plow
26:28 Gold Shaft Mining
33:53 Imperial Age
31:59 Hand Cart
31:37 Arson
31:38 Gambesons
32:24 Squires
31:46 Pikeman
33:23 Scale Mail Armor
33:33 Forging
34:40 Elite Varangian Guard
36:45 Fortified Wall
36:47 Halberdier
38:50 Two-Man Saw
38:22 Crop Rotation
41:30 Redemption
45:00 Illumination
56:46 Theocracy
sky2551230
8:10 Loom
9:55 Feudal Age
14:43 Castle Age
13:01 Double-Bit Axe
13:42 Horse Collar
17:53 Bow Saw
18:33 Wheelbarrow
22:20 Stone Mining
23:34 Hand Cart
24:21 Gold Mining
25:43 Gold Shaft Mining
25:59 Stone Shaft Mining
25:28 Heavy Plow
27:20 Scale Barding Armor
27:26 Forging
28:29 Chain Barding Armor
29:42 Iron Casting
32:52 Imperial Age
30:22 Town Watch
32:16 Town Patrol
32:33 Elite War Elephant
33:52 Plate Barding Armor
34:17 Blast Furnace
33:19 Husbandry
33:30 Bloodlines
34:20 Conscription
56:05 Two-Man Saw
冰水一壺
11:13 Feudal Age
12:46 Loom
15:55 Castle Age
14:25 Double-Bit Axe
14:28 Horse Collar
17:07 Bow Saw
18:21 Stone Mining
18:24 Gold Mining
19:33 Scale Barding Armor
29:47 Imperial Age
28:20 Wheelbarrow
28:42 Husbandry
28:52 Bloodlines
29:02 Bloodlines
30:22 Hand Cart
30:32 Szlachta Privileges
31:53 Heavy Plow
31:33 Cavalier
32:43 Town Watch
33:21 Chain Barding Armor
33:11 Forging
37:45 Light Cavalry
39:14 Stone Shaft Mining
46:37 Scale Mail Armor
Connection lost

Rejoining the realm…

Still unreachable

The connection could not be restored.

Session expired

The server has moved on; the page needs a fresh start.